 Dungeon Crawl Stone Soup version 0.22.1-2-g9c5b331383 (webtiles) character file.

4571 LLavrengius the Quickloader (level 10, -2/64 HPs)
             Began as a Kobold Hunter on Nov 14, 2018.
             Was a Priest of Okawaru.
             Slain by a catoblepas (8 damage)
             ... on level 9 of the Dungeon.
             The game lasted 00:44:06 (12164 turns).

LLavrengius the Quickloader (Kobold Hunter)        Turns: 12164, Time: 00:44:06

Health: -2/64      AC:  8    Str: 18    XL:     10   Next: 68%
Magic:  14/14      EV: 11    Int: 12    God:    Okawaru [***...]
Gold:   642        SH:  0    Dex: 19    Spells: 9/9 levels left

rFire    . . .     SeeInvis .   a - +1 hand crossbow
rCold    . . .     Gourm    .   (shield restricted)
rNeg     . . .     Faith    .   J - +0 steam dragon scales
rPois    .         Spirit   .   o - +0 helmet
rElec    .         Reflect  .   y - +0 cloak
rCorr    .         Harm     .   F - +0 pair of gloves
MR       .....                  (no boots)
Stlth    ++........             (no amulet)
HPRegen  0.20/turn              e - +4 ring of dexterity
MPRegen  0.14/turn              A - +4 ring of strength

@: about to teleport, petrifying (expiring), very slow
A: small, carnivore
a: Heroism, Renounce Religion


You were on level 9 of the Dungeon.
You worshipped Okawaru.
Okawaru was most pleased with you.
You were full.

You visited 2 branches of the dungeon, and saw 11 of its levels.

You collected 642 gold pieces.

Inventory:

Hand Weapons
 a - a +1 hand crossbow (weapon)
 h - a +0 hunting sling
 w - a +1 short sword of flaming
Missiles
 d - 25 bolts (quivered)
 i - 334 stones
 j - 94 sling bullets
 z - 2 throwing nets
Armour
 o - a +0 helmet (worn)
 y - a +0 cloak (worn)
 F - a +0 pair of gloves (worn)
 J - +0 steam dragon scales (worn)
Jewellery
 e - a +4 ring of dexterity (left hand)
 u - an uncursed ring of positive energy
 A - a +4 ring of strength (right hand)
Wands
 B - a wand of acid (8)
 L - a wand of flame (30)
Scrolls
 c - 4 scrolls of enchant armour {unknown}
 m - 2 scrolls of identify
 n - 4 scrolls of fog {unknown}
 r - 4 scrolls of amnesia {unknown}
 C - a scroll of teleportation
 E - 5 scrolls of remove curse
 G - 3 scrolls of immolation {unknown}
 H - a scroll of random uselessness {unknown}
 K - a scroll of blinking {unknown}
Potions
 g - 3 potions of curing
 k - a potion of ambrosia
 l - a potion of agility {unknown}
 p - a potion of lignification {unknown}
 q - 2 potions of degeneration {unknown}
 s - 3 potions of haste
 t - 2 potions of flight {unknown}
 v - a potion of brilliance {unknown}
 x - a potion of cancellation {unknown}
 D - a potion of magic {unknown}
 I - a potion of berserk rage {unknown}
Comestibles
 f - 16 rations


   Skills:
 + Level 8.2 Fighting
 - Level 9.1 Short Blades
 * Level 10.4 Crossbows
 + Level 7.3 Dodging
 - Level 1.3 Stealth
 + Level 5.5 Invocations


You had 9 spell levels left.
You didn't know any spells.
Your spell library contained the following spells:

 Spells                   Type           Power        Failure   Level  Hunger
 Corona                   Hex            #......      32%         1    ##.....
 Ensorcelled Hibernation  Hex/Ice        #.....       45%         2    ###....
 Confuse                  Hex            #.......     69%         3    ####...
 Dazzling Spray           Conj/Hex       #.....       69%         3    ####...
 Tukima's Dance           Hex            #.......     69%         3    ####...


Dungeon Overview and Level Annotations

Branches:
Dungeon (10/15)            Temple (1/1) D:4            Lair (0/6) D:8
    Orc: D:9-12

Altars:
Ashenzari
Cheibriados
Dithmenos
Elyvilon
Fedhas
Gozag
Hepliaklqana
Kikubaaqudgha
Makhleb
Nemelex Xobeh
Okawaru
Qazlal
Ru
Sif Muna
Trog
Uskayaw
Vehumet
Wu Jian
Xom
Yredelemnul
Zin
The Shining One


Innate Abilities, Weirdness & Mutations

You are small and have problems with some larger weapons.
You are carnivorous and can eat meat at any time.


Message History

Your limbs are stiffening.
You have turned to stone.
The catoblepas gores you!! The catoblepas barely misses you.
The catoblepas gores you!! The catoblepas gores you!!
You turn to flesh and can move again.
The catoblepas breathes a plume of calcifying dust at you.
The blast of calcifying dust hits you!
* * * LOW HITPOINT WARNING * * *
The catoblepas breathes a plume of calcifying dust at you.
The blast of calcifying dust hits you!
* * * LOW HITPOINT WARNING * * *
You are engulfed in calcifying dust.
You are slowing down.
Your limbs are stiffening.
Unknown command.
As you read the scroll of teleportation, it crumbles to dust.
You feel strangely unstable. The catoblepas gores you!
You die...

### #############.#
#.............#
#######.###########.#
#.......# #.#
##'############ #.#
#.....#.Y§§§Y§#
#.#######
#.....#§#####@#
#.......# #.....#.#
#.# #######.#
#.....#.# #.# #.#
#.....#.# #.# #.#
#.....#(# #.#
######.#
#.....#.#####'##
#......#
#.....#.##.....#
#......####
##.####.##.....#
#....Y..... #####.#
#Y##.....#
##.........


You could see a catoblepas.

Vanquished Creatures
  2 hippogriffs
  5 yaks (D:8)
  A basilisk (D:8)
  A steam dragon (D:7)
  A water moccasin (D:7)
  An orc warrior (D:8)
  3 porcupines (D:8)
  A sky beast (D:8)
  2 ice beasts
  A phantom (D:7)
  2 ogres
  3 centaurs
  3 crocodiles
  3 bullfrogs
  A wyvern zombie (D:7)
  2 gnoll sergeants (D:8)
  A scorpion (D:8)
  3 wights (D:8)
  A centaur zombie (D:4)
  3 crimson imps
  A quasit (D:7)
  A bullfrog zombie (D:4)
  3 hounds (D:8)
  2 jellies
  2 orc wizards
  3 bullfrog skeletons
  4 orc priests
  An iguana (D:6)
  3 worker ants
  A killer bee zombie (D:7)
  A hound skeleton (D:4)
  A worker ant zombie (D:4)
  13 adders
  14 gnolls
  2 shadow imps
  An adder skeleton (D:6)
  3 adder zombies
  4 worms
  5 leopard geckos
  20 orcs
  4 ball pythons
  7 giant cockroaches
  5 goblins
  9 hobgoblins
  4 jackals (D:4)
  6 quokkas
  A ball python skeleton (D:4)
  8 bats
  5 frilled lizards
  A giant cockroach zombie (D:4)
  A jackal zombie (D:4)
  7 kobolds
  4 leopard gecko skeletons
  2 quokka skeletons
  2 quokka zombies
  4 rats
195 creatures vanquished.

Notes
Turn   | Place    | Note
-------+----------+-------------------------------------------
     0 | D:1      | LLavrengius the Kobold Hunter began the quest for the Orb.
     0 | D:1      | Reached XP level 1. HP: 12/12 MP: 1/1
    68 | D:1      | Reached skill level 1 in Short Blades
   270 | D:1      | Reached XP level 2. HP: 15/18 MP: 2/2
   506 | D:1      | Reached XP level 3. HP: 22/22 MP: 3/3
  1373 | D:2      | Found a glowing silver altar of Zin.
  1384 | D:2      | Reached XP level 4. HP: 27/27 MP: 4/4
  2190 | D:3      | Reached XP level 5. HP: 32/32 MP: 5/5
  2899 | D:3      | Reached skill level 5 in Short Blades
  3929 | D:4      | Reached XP level 6. HP: 36/38 MP: 6/6
  4369 | D:4      | Reached skill level 5 in Crossbows
  4550 | D:4      | Found a staircase to the Ecumenical Temple.
  4559 | Temple   | Entered the Ecumenical Temple
  5190 | D:4      | Found a bloodstained altar of Trog.
  5420 | D:5      | Entered Level 5 of the Dungeon
  5580 | D:5      | Noticed a sky beast
  5615 | D:4      | Reached XP level 7. HP: 25/44 MP: 7/7
  6089 | D:5      | Reached skill level 5 in Fighting
  6169 | D:5      | Reached XP level 8. HP: 15/49 MP: 8/8
  6710 | D:6      | Found a sacrificial altar of Ru.
  6711 | D:6      | Found a blossoming altar of Fedhas.
  6711 | D:6      | Found a basalt altar of Yredelemnul.
  7160 | D:6      | Found an iron altar of Okawaru.
  7165 | D:6      | Became a worshipper of Warmaster Okawaru
  7462 | D:7      | Reached skill level 1 in Invocations
  7554 | D:7      | Reached skill level 6 in Crossbows
  7914 | D:7      | Reached XP level 9. HP: 55/55 MP: 10/10
  7930 | D:7      | Reached * piety under Okawaru
  8127 | D:7      | Reached skill level 7 in Crossbows
  8229 | D:7      | Reached skill level 5 in Dodging
  8323 | D:7      | Noticed a hippogriff
  8337 | D:7      | Killed a hippogriff
  8925 | D:8      | Reached skill level 8 in Crossbows
  9034 | D:8      | Found a glowing golden altar of the Shining One.
  9067 | D:8      | Reached ** piety under Okawaru
  9241 | D:8      | Reached skill level 9 in Crossbows
  9241 | D:8      | Reached XP level 10. HP: 63/63 MP: 13/13
  9273 | D:8      | Found a staircase to the Lair.
  9619 | D:8      | Reached *** piety under Okawaru
  9619 | D:8      | Reached skill level 5 in Invocations
  9847 | D:8      | Found a sparkling altar of Nemelex Xobeh.
  9969 | D:8      | Reached skill level 10 in Crossbows
 10330 | D:8      | Found an opulent altar of Gozag.
 10602 | D:9      | Noticed a catoblepas
 11332 | D:9      | Noticed a fire dragon
 12121 | D:10     | Entered Level 10 of the Dungeon
 12164 | D:9      | Slain by a catoblepas

Skill      XL: |  1  2  3  4  5  6  7  8  9 10 |
---------------+-------------------------------+-----
Short Blades   | 1 2 3 4 5 6 8 9 |  9.1
Dodging        | 3 4 6 7 |  7.3
Fighting       | 3 4 5 6 7 8 |  8.2
Crossbows      | 5 6 9 10 | 10.4
Invocations    | 2 4 5 |  5.5
Stealth        | |  1.3

Action                   |  1- 3 |  4- 6 |  7- 9 | 10-12 || total
-------------------------+-------+-------+-------+-------++-------
Melee: Short sword       |   109 |   380 |   285 |       ||   774
 Fire: Hand crossbow     |       |    18 |    72 |   176 ||   266
Throw: Stone             |       |     1 |       |       ||     1
  Use: Potion            |       |     1 |       |     2 ||     3
       Scroll            |       |     4 |     2 |     2 ||     8
 Stab: Sleeping          |     3 |     5 |     1 |       ||     9
       Distracted        |     1 |       |       |       ||     1
  Eat: Chunk             |    10 |    12 |    13 |     6 ||    41
Armor: Leather armour    |    23 |    68 |    23 |       ||   114
       Ring mail         |       |       |     9 |       ||     9
       Steam dragon scal |       |       |    29 |    26 ||    55
Dodge: Dodged            |    95 |   240 |   163 |    83 ||   581
